 Dungeon Sprint DCSS version 0.20-a0-871-g785f14b (webtiles) character file.

415 hittemvvvvhard the Cleaver (level 6, 0/94 HPs)
             Began as a Minotaur Berserker on Mar 14, 2017.
             Was a Believer of Trog.
             Succumbed to Sonja's curare-tipped needle
             ... in the Dungeon (Sprint I: "Red Sonja").
             The game lasted 00:02:15 (297 turns).

hittemvvvvhard the Cleaver (Minotaur Berserker)      Turns: 297, Time: 00:02:16

Health: 0/94       AC:  2    Str: 28    XL:     6   Next: 60%
Magic:  5/5        EV: 15    Int:  4    God:    Trog [**....]
Gold:   271        SH:  0    Dex: 10    Spells: 5/5 levels left

rFire    . . .     SeeInvis .   a - +4 scythe (slice)
rCold    . . .     Gourm    .   b - +0 animal skin
rNeg     . . .     Faith    .   (shield currently unavailable)
rPois    .         Spirit   .   (helmet restricted)
rElec    .         Reflect  .   (no cloak)
rCorr    .         Harm     .   (no gloves)
MR       .....     NoTele   +   (no boots)
Stlth    ..........             (no amulet)
Regen    0.3/turn               (no ring)
MPRegen  0.1/turn               (no ring)

@: berserking (expiring), lethally poisoned (0 -> -24), slowed
A: retaliatory headbutt, horns 2
a: Berserk, Trog's Hand, Burn Spellbooks, Renounce Religion


You were in the Dungeon.
You worshipped Trog.
Trog was pleased with you.
You were hungry.

You visited 1 branch You collected 297 gold pieces.
You spent 26 gold pieces at shops.

Inventory:

Hand Weapons
 a - a +4 scythe of slicing (weapon)
Armour
 b - a +0 animal skin (worn)
Wands
 j - a wand of random effects (21/48)
Scrolls
 i - a scroll of blinking
Potions
 d - 2 potions of curing
 e - a potion of heal wounds
 f - a potion of haste
 g - 2 potions of magic
 h - a potion of berserk rage
 k - 2 potions of cancellation
Comestibles
 c - a bread ration
 l - 3 chunks of flesh


   Skills:
 + Level 9.0 Fighting
   Level 9.7(10.3) Axes
 * Level 5.5(8.4) Polearms
 + Level 7.8 Armour
 + Level 7.1 Dodging


You had 5 spell levels left.
You didn't know any spells.

Dungeon Overview and Level Annotations

Branches:
Dungeon (1/1)

Altars:
Cheibriados
Dithmenos
Elyvilon
Fedhas
Gozag
Hepliaklqana
Kikubaaqudgha
Nemelex Xobeh
Okawaru
Qazlal
Ru
Sif Muna
Trog
Uskayaw
Vehumet
Wu Jian
Yredelemnul
Zin
The Shining One

Shops:
D ?

Annotations:
D Sonja


Innate Abilities, Weirdness & Mutations

You reflexively headbutt those who attack you in melee.
You have a pair of horns on your head.


Message History

You feel a strange sense of stasis.
You barely miss Sonja.
You feel sick.
Sonja hits you with an uncursed short sword of distortion.
Space warps horribly around you!
* * * LOW HITPOINT WARNING * * *
Sonja hits you with an uncursed short sword of distortion!
* * * LOW HITPOINT WARNING * * *
Sonja barely misses you.
Sonja gestures wildly while chanting.
Sonja blinks!
Sonja unwields an uncursed short sword of distortion.
Its appearance distorts for a moment.
Sonja wields an uncursed enchanted blowgun.
Sonja shoots a curare-tipped needle.
The curare-tipped needle hits you.
You are more poisoned.
You have difficulty breathing.
* * * LOW HITPOINT WARNING * * *
You feel as though you will be slow longer.
You slam the door shut with a bang!
You die...

#..)..#..').#..+
#..#####'#####'#
#..####..#...#[#
#..#__####..##.#
#..#_____##'#_.+
#⌠⌠#_.∩...÷.(K_#
####_..__##_(#+#
#_____###+#
####### #@#
+$§$+ #$.$#
##.## #+#


There were no monsters in sight!

Vanquished Creatures
  A yak (D)
  Sigmund (D)
  An ogre (D)
  A jelly (D)
  Ijyb (D)
5 creatures vanquished.

Notes
Turn   | Place    | Note
-------+----------+-------------------------------------------
     0 | D        | hittemvvvvhard the Minotaur Berserker began the quest for the Orb.
     0 | D        | Reached XP level 1. HP: 19/19 MP: 0/0
     1 | D        | Noticed Ijyb
    10 | D        | Killed Ijyb
    10 | D        | Reached skill level 5 in Fighting
    10 | D        | Reached skill level 5 in Axes
    10 | D        | Reached XP level 2. HP: 28/29 MP: 1/1
   101 | D        | Noticed an ogre
   104 | D        | Killed an ogre
   104 | D        | Reached skill level 5 in Armour
   104 | D        | Reached XP level 3. HP: 38/38 MP: 2/2
   104 | D        | Reached XP level 4. HP: 45/45 MP: 3/3
   144 | D        | Noticed Sigmund
   148 | D        | Killed Sigmund
   148 | D        | Reached ** piety under Trog
   148 | D        | Reached XP level 5. HP: 53/53 MP: 4/4
   179 | D        | Found a deep blue altar of Sif Muna.
   180 | D        | Found an ornate altar of the Wu Jian Council.
   182 | D        | Found a radiant altar of Vehumet.
   184 | D        | Reached XP level 6. HP: 61/61 MP: 5/5
   236 | D        | Found Gaucrip's Magic Scroll Emporium.
   236 | D        | Found an ancient bone altar of Kikubaaqudgha.
   236 | D        | Found a hazy altar of Hepliaklqana.
   236 | D        | Found a stormy altar of Qazlal.
   236 | D        | Found a hide-covered altar of Uskayaw.
   236 | D        | Found a blossoming altar of Fedhas.
   236 | D        | Found a bloodstained altar of Trog.
   236 | D        | Found an iron altar of Okawaru.
   236 | D        | Found a basalt altar of Yredelemnul.
   236 | D        | Found a glowing golden altar of the Shining One.
   236 | D        | Found a snail-covered altar of Cheibriados.
   236 | D        | Found a sacrificial altar of Ru.
   236 | D        | Found a glowing silver altar of Zin.
   236 | D        | Found a shadowy altar of Dithmenos.
   236 | D        | Found a white marble altar of Elyvilon.
   236 | D        | Noticed a yak
   240 | D        | Killed a yak
   240 | D        | Reached skill level 5 in Polearms
   241 | D        | Found an opulent altar of Gozag.
   264 | D        | Found a sparkling altar of Nemelex Xobeh.
   285 | D        | Bought a scroll of identify for 26 gold pieces
   292 | D        | Noticed Sonja
   296 | D        | HP: 3/94 [asphyx]
   297 | D        | Succumbed to Sonja's curare-tipped needle

Vault maps used:
D:        dungeon_sprint_1

Skill      XL: |  1  2  3  4  5  6 |
---------------+-------------------+-----
Fighting       | 5 6 7 8 9 |  9.0
Axes           | 5 7 9 |  9.7
Armour         | 3 5 6 7 |  7.8
Dodging        | 3 4 6 7 |  7.1
Polearms       | 2 5 |  5.5

Action                   |  1- 3 |  4- 6 || total
-------------------------+-------+-------++-------
Melee: Hand axe          |     9 |     2 ||    11
       Headbutt          |       |     2 ||     2
       Scythe            |       |     5 ||     5
Invok: Berserk           |     2 |     3 ||     5
  Use: Scroll            |       |     1 ||     1
  Eat: Chunk             |       |     2 ||     2
Armor: Animal skin       |     1 |     1 ||     2
Dodge: Dodged            |     3 |     4 ||     7
